 Dungeon Crawl Stone Soup version 0.29-a0-676-ga64570c9d2 (webtiles) character file.

Game seed: 3297593973257687584

840 Armakuni the Skirmisher (level 8, -4/62 HPs)
             Began as a Human Artificer on June 24, 2022.
             Slain by an iguana (12 damage)
             ... on level 5 of the Dungeon.
             The game lasted 00:12:37 (6247 turns).

Armakuni the Skirmisher (Human Artificer)           Turns: 6247, Time: 00:12:37

Health: -4/62      AC:  4    Str: 13    XL:     8   Next: 19%
Magic:  8/8        EV: 11    Int: 13    God:
Gold:   185        SH:  5    Dex: 14    Spells: 7/7 levels left

rFire   . . .      SeeInvis .   a - staff of poison
rCold   . . .      Faith    .   (no shield)
rNeg    + . .      Spirit   .   k - +0 leather armour
rPois   +          Reflect  +   (no helmet)
rElec   +          Harm     .   f - +0 cloak
rCorr   +          Rampage  .   (no gloves)
Will    +....                   (no boots)
Stlth   +.........              H - amulet of reflection
HPRegen 0.20/turn               K - ring of Hagotod {rElec rPois rN+ Will+ rCorr}
MPRegen 0.11/turn               (no ring)

@: no status effects
A: no striking features
a: no special abilities


You were on level 5 of the Dungeon.
You visited 1 branch of the dungeon, and saw 5 of its levels.
You also visited: Ossuary.

You collected 185 gold pieces.

Inventory:

Hand Weapons
 i - a +4 dagger of flaming
 j - a +0 hunting sling
Missiles
 o - a throwing net
Armour
 f - a +0 cloak (worn)
 k - a +0 leather armour (worn)
 q - a +0 ring mail
Magical Staves
 a - a staff of poison (weapon)
Jewellery
 H - an amulet of reflection (around neck)
 K - the ring of Hagotod (left hand) {rElec rPois rN+ Will+ rCorr}
   (You acquired it in an ossuary)

   [ring of poison resistance]

   rElec:     It insulates you from electricity.
   rPois:     It protects you from poison.
   rN:        It protects you from negative energy.
   rCorr:     It protects you from acid and corrosion.
   Will:      It increases your willpower.
Scrolls
 g - 4 scrolls of enchant armour
 l - 2 scrolls of brand weapon
 r - a scroll of summoning
 t - 4 scrolls of noise
Potions
 d - 2 potions of mutation
 e - 2 potions of magic
 h - 3 potions of might
 m - 3 potions of brilliance
 n - 3 potions of curing {unknown}
 s - a potion of heal wounds {unknown}


   Skills:
 - Level 5.0 Fighting
 - Level 1.0(3.2) Maces & Flails
 - Level 4.9(5.0) Staves
 - Level 2.0 Armour
 - Level 1.0 Dodging
 - Level 1.0 Stealth
 + Level 3.0 Poison Magic
 + Level 4.4 Evocations


You had 7 spell levels left.
You didn't know any spells.
Your spell library was empty.

Dungeon Overview and Level Annotations

Branches:
Dungeon (5/15)            Ossuary (visited)
 Temple: D:4-7

Altars:
Makhleb
Uskayaw
Wu Jian

Annotations:
D:4 2 runed translucent doors, Vorhees's ghost, amateur OgBr


Message History

Level annotation: 2 runed translucent doors, Vorhees's ghost, amateur OgBr
There is a stone staircase leading down here.
You start resting.
HP restored.
You climb downwards.
The iguana bites you!
The iguana bites you but does no damage.
There is a stone staircase leading up, spattered with blood here.
Unknown command.
You barely miss the iguana. The iguana misses you.
You hit the iguana but do no damage. The iguana bites you!
You closely miss the iguana. The iguana misses you.
You hit the iguana but do no damage. The iguana closely misses you.
You hit the iguana but do no damage. You block the iguana's attack.
Aiming: Paralyse
Press: ? - help, Shift-Dir - straight line, f - iguana
Aim: an iguana (chance to affect: 68%)
The iguana struggles to resist.
The now-empty wand crumbles to dust.
The iguana barely misses you.
You hit the iguana but do no damage. You barely miss the iguana.
The iguana bites you.
You hit the iguana.
You envenom the iguana.
The iguana is poisoned.
The iguana is moderately wounded.
The iguana bites you!
You barely miss the iguana.
The iguana is heavily wounded.
The iguana bites you!
You barely miss the iguana.
The iguana is heavily wounded.
You block the iguana's attack. The iguana attacks as you move away!
The iguana bites you!
* * * LOW HITPOINT WARNING * * *
The iguana looks more healthy.
A scorpion comes into view.
Okay, then.
Okay, then.
Unknown command.
The iguana bites you!
* * * LOW HITPOINT WARNING * * *
The iguana bites you!
You die...

####### #.....#..##
. #)....#... ..#
#.#.#.#.. #..
#.#.#.#.##
#..###.###..##
.##..s.........##.#
........l@........#
########...<...###
##.....## ##...##
#####


You could see a scorpion and an iguana.

Vanquished Creatures
  Sigmund (D:4)
  Edmund (D:4)
  Menkaure (Ossuary)
  A black bear (D:4)
  A scorpion (D:4)
  2 howler monkeys (D:4)
  A mummy (Ossuary)
  6 adders
  2 gnolls (D:3)
  2 worms (D:2)
  5 orcs
  7 bats
  3 endoplasms
  4 giant cockroaches
  10 goblins
  4 hobgoblins
  5 jackals
  4 quokkas
  6 ball pythons
  7 frilled lizards
  3 gnoll skeletons (Ossuary)
  3 gnoll zombies (Ossuary)
  8 goblin skeletons (Ossuary)
  3 goblin zombies (Ossuary)
  2 hobgoblin skeletons (Ossuary)
  4 hobgoblin zombies (Ossuary)
  4 kobolds
  6 kobold skeletons (Ossuary)
  6 kobold zombies (Ossuary)
  2 orc skeletons (Ossuary)
  3 orc zombies (Ossuary)
  4 rats
  3 rat skeletons (Ossuary)
  5 rat zombies (Ossuary)
129 creatures vanquished.

Vanquished Creatures (collateral kills)
  A gnoll zombie (Ossuary)
  A goblin zombie (D:5)
  A hobgoblin skeleton (Ossuary)
  A rat zombie (D:5)
4 creatures vanquished.

Vanquished Creatures (others)
  2 mummies (Ossuary)
  A gnoll (D:3)
3 creatures vanquished.

Grand Total: 136 creatures vanquished

Notes
Turn   | Place    | Note
-------+----------+-------------------------------------------
     0 | D:1      | Armakuni the Human Artificer began the quest for the Orb.
     0 | D:1      | Reached XP level 1. HP: 15/15 MP: 1/1
    96 | D:1      | Reached skill level 1 in Maces & Flails
   187 | D:1      | Reached XP level 2. HP: 15/21 MP: 2/2
   551 | D:1      | Reached skill level 1 in Staves
   954 | D:1      | Reached XP level 3. HP: 27/27 MP: 3/3
  1483 | D:2      | Reached skill level 2 in Fighting
  1730 | D:2      | Reached XP level 4. HP: 34/34 MP: 4/4
  2327 | D:2      | Found a faded altar of an unknown god.
  2936 | D:3      | Reached skill level 3 in Fighting
  2936 | D:3      | Reached XP level 5. HP: 36/41 MP: 5/5
  3262 | D:3      | Found an ornate altar of the Wu Jian Council.
  3263 | D:3      | Found a burning altar of Makhleb.
  3689 | D:4      | Noticed Sigmund
  3699 | D:4      | Killed Sigmund
  3700 | D:4      | Reached skill level 4 in Fighting
  3700 | D:4      | Reached XP level 6. HP: 12/48 MP: 6/6
  3888 | D:4      | Reached XP level 7. HP: 45/55 MP: 7/7
  3962 | D:4      | Found a hide-covered altar of Uskayaw.
  3970 | D:4      | Reached skill level 5 in Fighting
  3985 | D:4      | Paralysed by an orc for 3 turns
  4218 | D:4      | Identified a scroll of acquirement
  4218 | D:4      | Acquired a staff of poison
  4382 | D:4      | Found a runed translucent door.
  4383 | D:4      | Noticed Vorhees's ghost (amateur OgBr)
  4410 | D:4      | Noticed Edmund
  4431 | D:4      | Killed Edmund
  4432 | D:4      | Reached skill level 1 in Poison Magic
  4640 | D:4      | Found a runed translucent door.
  4854 | D:5      | Entered Level 5 of the Dungeon
  4856 | D:5      | Found a sand-covered staircase.
  4865 | Ossuary  | Entered an ossuary
  5383 | Ossuary  | Noticed Menkaure
  5400 | Ossuary  | Killed Menkaure
  5401 | Ossuary  | Reached XP level 8. HP: 29/62 MP: 8/8
  5799 | Ossuary  | Acquired the ring of Hagotod {rElec rPois rN+ Will+ rCorr}
  6247 | D:5      | Slain by an iguana

Illustrated notes

Levels and vault maps discovered:
D:1:      beargit_arrival_greenhouse, layout_loops_corners, minmay_pentomino_s4
D:2:      layout_loops_corners, hellmonk_ecumenical_altar_inner_sanctum
D:3:      layout_basic, gammafunk_temple_overflow_statue, st_stairs_1
D:4:      layout_loops_ring, nicolae_uskayaw_murder_on_the_dancefloor,
          ebering_ghost_sewer_f, uniq_sigmund, uniq_edmund
D:5:      layout_loops_ring, enter_ossuary_4

Skill      XL: |  1  2  3  4  5  6  7  8 |
---------------+-------------------------+-----
Maces & Flails | 1 |  1.0
Staves         | 1 2 4 |  4.9
Fighting       | 2 3 4 5 |  5.0
Poison Magic   | 2 3 |  3.0
Evocations     | 4 |  4.4
Armour         | |  2.0
Dodging        | |  1.0
Stealth        | |  1.0

Action                   |  1- 3 |  4- 6 |  7- 9 || total
-------------------------+-------+-------+-------++-------
Melee: Club              |   136 |       |       ||   136
       Punch             |     2 |       |     3 ||     5
       Whip              |       |    24 |       ||    24
       Staff             |       |       |   312 ||   312
 Fire: Hunting sling     |       |   162 |     7 ||   169
Evoke: Wand              |    11 |    14 |    25 ||    50
  Use: Scroll            |     4 |       |     8 ||    12
       Potion            |       |     2 |       ||     2
 Stab: Distracted        |     1 |       |     1 ||     2
       Sleeping          |       |     1 |       ||     1
       Paralysed         |       |       |    21 ||    21
Armor: Leather armour    |    55 |    27 |    80 ||   162
Dodge: Dodged            |    89 |    69 |   113 ||   271
Block: Other             |    30 |    31 |    33 ||    94

Table legend: (Time is in decaauts)
 A = Elapsed time spent in this place.
 B = Non-inter-level travel time spent in this place.
 C = Inter-level travel time spent in this place.
 D = Time resting spent in this place.
 E = Time spent auto-exploring this place.
 F = Levels seen in this place.
 G = Mean time per level.
                   A        B        C        D        E       F      G
               +--------+--------+--------+--------+--------+-----+--------+
         Total |   6354 |   6210 |    144 |   1487 |   3001 |   6 | 1059.0 |
       Dungeon |   5197 |   5053 |    144 |   1082 |   2825 |   5 | 1039.4 |
       Ossuary |   1156 |   1156 |      0 |    405 |    176 |   1 | 1156.0 |
               +--------+--------+--------+--------+--------+-----+--------+

Top non-repeatable levels by time:
     D:4: 1627 daAuts
     D:1: 1484 daAuts
     D:2: 1200 daAuts
 Ossuary: 1156 daAuts
     D:3: 835 daAuts
     D:5: 49 daAuts
